 Dungeon Crawl Stone Soup version 0.30-a0-586-g23e55c9e0a (webtiles) character file.

Game seed: 16918178746748627835

4392 Gargoyl the Protected (level 10, -7/94 HPs)
             Began as a Gargoyle Berserker on Jan 1, 2023.
             Was a Priest of Trog.
             Killed from afar by a molten gargoyle (12 damage)
             ... with a bolt of magma
             ... on level 9 of the Dungeon on Jan 3, 2023.
             The game lasted 00:12:08 (8541 turns).

Gargoyl the Protected (Gargoyle Berserker)          Turns: 8541, Time: 00:12:08

Health: -7/94      AC: 28    Str: 22    XL:     10   Next: 35%
Magic:  10/10      EV:  8    Int:  9    God:    Trog [***...]
Gold:   528        SH:  0    Dex: 11    Spells: 9/9 levels left

rFire   . . .      SeeInvis .    n - +1 falchion (elec)
rCold   . . .      Faith    .    (no shield)
rNeg    + . .      Spirit   .    e - +0 plate armour
rPois   ∞          Reflect  .    (no helmet)
rElec   +          Harm     .    (no cloak)
rCorr   .          Rampage  .    i - +2 pair of gloves
Will    +++..                    (no boots) Stlth
                                 f - amulet of magic regeneration
HPRegen 1.35/turn                h - +4 ring of protection
MPRegen 0.52/turn                y - ring of willpower

@: berserking, strong-willed (expiring), regenerating (expiring), very quick
A: sickness immunity, AC +7, negative energy resistance 1, electricity
resistance, torment resistance 1, petrification resistance
a: Renounce Religion, Berserk, Trog's Hand


You were on level 9 of the Dungeon.
You worshipped Trog.
Trog was most pleased with you.
You visited 1 branch of the dungeon, and saw 9 of its levels.
You also visited: Sewer.

You collected 528 gold pieces.

Inventory:

Hand Weapons
 n - a +1 falchion of electrocution (weapon)
 u - a +4 falchion
 E - a +2 long sword
Missiles
 d - 6 poisoned darts (quivered)
Armour
 e - a +0 plate armour (worn)
 i - a +2 pair of gloves (worn)
Jewellery
 f - an amulet of magic regeneration (around neck)
 h - a +4 ring of protection (left hand)
 v - a ring of willpower
 y - a ring of willpower (right hand)
Wands
 q - a wand of mindburst (21)
 z - a wand of polymorph (6)
 B - a wand of light (6)
Scrolls
 c - 3 scrolls of teleportation
 l - 4 scrolls of blinking
 p - a scroll of butterflies
 s - a scroll of magic mapping
 A - a scroll of fear
 D - a scroll of identify
Potions
 b - 2 potions of attraction {unknown}
 g - a potion of ambrosia
 j - 3 potions of curing
 k - a potion of haste {unknown}
 m - 2 potions of heal wounds {unknown}
 o - 2 potions of flight {unknown}
 r - 2 potions of might {unknown}
 t - 2 potions of berserk rage
 x - 2 potions of mutation {unknown}


   Skills:
 + Level 7.1 Fighting
 + Level 8.2 Long Blades
 + Level 4.4 Axes
 + Level 0.1 Throwing
 + Level 9.4 Armour
 + Level 3.7 Dodging
 + Level 1.5 Stealth


You had 9 spell levels left.
You didn't know any spells.
Your spell library was empty.

Dungeon Overview and Level Annotations

Branches:
Dungeon (9/15)             Temple (0/1) D:6             Orc (0/2) D:9
  Sewer (visited)
   Lair: D:8-11

Altars:
Elyvilon
Fedhas
Kikubaaqudgha
Nemelex Xobeh
Okawaru
Ru
Sif Muna
Uskayaw
Vehumet
Zin


Innate Abilities, Weirdness & Mutations

You are immune to sickness and miasma.
Your stone body is resilient. (AC +7)
You are immune to poison.
You resist negative energy. (rN+)
You are resistant to electric shocks. (rElec)
You are resistant to unholy torment.
You are immune to petrification.


Message History

The molten gargoyle hits you but does no damage.
You hit the molten gargoyle.
The molten gargoyle is lightly damaged.
The molten gargoyle hits you with a +0 dire flail.
You are engulfed in flames!
The molten gargoyle hits you but does no damage.
You slash the molten gargoyle!
The molten gargoyle is heavily damaged.
You hit the molten gargoyle but do no damage.
The molten gargoyle is heavily damaged.
The molten gargoyle hits you with a +0 dire flail.
You are engulfed in flames!
The molten gargoyle hits you but does no damage.
You hit the molten gargoyle but do no damage.
The molten gargoyle is heavily damaged.
The molten gargoyle hits you but does no damage.
The molten gargoyle blasts magma at you!
The bolt of magma misses you.
You completely miss the molten gargoyle.
The molten gargoyle is heavily damaged.
You slash the molten gargoyle!
The molten gargoyle is almost destroyed.
The molten gargoyle blasts magma at you!
The bolt of magma hits you!
The molten gargoyle hits you with a +0 dire flail!
* * * LOW HITPOINT WARNING * * *
You are engulfed in flames!
* * * LOW HITPOINT WARNING * * *
The molten gargoyle hits you but does no damage.
Unknown command.
You hit the molten gargoyle.
The molten gargoyle is almost destroyed.
You feel the effects of Trog's Hand fading.
The molten gargoyle blasts magma at you!
The bolt of magma hits you.
* * * LOW HITPOINT WARNING * * *
The molten gargoyle barely misses you.
The molten gargoyle blasts magma at you!
The bolt of magma hits you!
You die...

##.. #.##### ###... #
#######.#.... .#.#.#.#.
#.......#..#. #.#.#.#.#
#.########<#.
...≈.≈...###.....)..).#.
.§§≈§≈≈.#.##..#######.##
.≈§≈§≈≈≈.#......# #.....
.≈§88§99#..#..#.# ######
.§≈88§9@.#....#.#
≈§§§§≈≈.#.....#.#
.≈§≈§≈≈..#....#.#
..≈.§...#....##.#
.#.#.#.#.#....#.#
#.#.#.#.#.....#.# # ####
.#####


You could see 3 molten gargoyles.

Vanquished Creatures
  Pikel (D:9)
  A molten gargoyle (D:8)
  The ghost of anet the Skirmisher, a novice GnHu (D:4)
  A kobold demonologist (D:9)
  Prince Ribbit (D:5)
  Sigmund (D:6)
  A wyvern (D:9)
  Eustachio (D:5)
  A steam dragon (D:8)
  An ice beast (D:8)
  An orc warrior (D:9)
  A black bear (D:5)
  2 ogres
  2 bullfrogs
  2 necrophages (D:6)
  3 scorpions
  11 wights
  A howler monkey (D:9)
  A jelly (D:6)
  6 orc priests
  3 iguanas
  6 orc wizards
  A hell rat (Sewer)
  A statue (D:8)
  4 gnolls (D:7)
  10 adders
  3 river rats (Sewer)
  A shadow imp (D:8)
  3 white imps
  An ufetubus (D:5)
  2 dart slugs
  43 orcs
  6 bats
  3 endoplasms
  10 giant cockroaches
  6 goblins
  10 hobgoblins
  4 jackals (D:1)
  2 quokkas
  5 ball pythons
  A frilled lizard (D:2)
  7 kobolds
  9 rats
181 creatures vanquished.

Notes
Turn   | Place    | Note
-------+----------+-------------------------------------------
     0 | D:1      | Gargoyl the Gargoyle Berserker began the quest for the Orb.
     0 | D:1      | Reached XP level 1. HP: 14/14 MP: 1/1
   108 | D:1      | Reached XP level 2. HP: 16/19 MP: 2/2
   458 | D:1      | You fall into a shaft and drop 1 floor!
  1034 | D:2      | Reached XP level 3. HP: 22/24 MP: 3/3
  1759 | D:3      | Reached ** piety under Trog
  1760 | D:3      | Reached XP level 4. HP: 16/29 MP: 4/4
  1770 | D:3      | Reached skill level 3 in Armour
  2004 | D:3      | Reached XP level 5. HP: 33/33 MP: 5/5
  2228 | D:3      | Found an ancient bone altar of Kikubaaqudgha.
  2243 | D:3      | Found a glowing drain.
  2273 | Sewer    | Entered a sewer
  2282 | Sewer    | Reached XP level 6. HP: 26/38 MP: 6/6
  2385 | Sewer    | Reached skill level 4 in Armour
  2774 | D:3      | Found a faded altar of an unknown god.
  3282 | D:4      | Found a sacrificial altar of Ru.
  3531 | D:4      | Found a runed translucent door.
  3538 | D:4      | Noticed anet's ghost (novice GnHu)
  3567 | D:4      | Killed anet's ghost
  3568 | D:4      | Reached skill level 5 in Armour
  3568 | D:4      | Reached XP level 7. HP: 44/44 MP: 7/7
  3583 | D:4      | Found a glowing silver altar of Zin.
  3610 | D:4      | Reached *** piety under Trog
  4110 | D:4      | Found a hide-covered altar of Uskayaw.
  4149 | D:5      | Entered Level 5 of the Dungeon
  4231 | D:5      | Reached skill level 5 in Fighting
  4323 | D:5      | Reached XP level 8. HP: 37/49 MP: 8/8
  4394 | D:5      | Noticed Prince Ribbit
  4400 | D:5      | Noticed Eustachio
  4416 | D:5      | Killed Prince Ribbit
  4481 | D:5      | Reached skill level 6 in Armour
  4481 | D:5      | Reached skill level 1 in Stealth
  4761 | D:5      | Killed Eustachio
  5281 | D:6      | Found a staircase to the Ecumenical Temple.
  5306 | D:6      | Noticed Sigmund
  5316 | D:6      | Killed Sigmund
  5317 | D:6      | Reached skill level 5 in Long Blades
  5321 | D:6      | Reached skill level 7 in Armour
  5378 | D:6      | Reached XP level 9. HP: 55/55 MP: 9/9
  5888 | D:7      | Found an iron altar of Okawaru.
  6051 | D:7      | Found a shimmering blue altar of Sif Muna.
  6051 | D:7      | Found a white marble altar of Elyvilon.
  6741 | D:8      | Found a radiant altar of Vehumet.
  7413 | D:8      | Reached skill level 8 in Armour
  7501 | D:9      | Found a sparkling altar of Nemelex Xobeh.
  7648 | D:9      | Found a staircase to the Orcish Mines.
  7656 | D:9      | Noticed Pikel
  7673 | D:9      | Reached **** piety under Trog
  7897 | D:9      | Upgraded the game from 0.30-a0-583-g19bae12e61 to
                  | 0.30-a0-586-g23e55c9e0a
  7980 | D:9      | Killed Pikel
  7981 | D:9      | Reached skill level 9 in Armour
  7981 | D:9      | Reached XP level 10. HP: 38/61 MP: 10/10
  8094 | D:9      | Noticed a kobold demonologist
  8101 | D:9      | Noticed a soul eater
  8114 | D:9      | Killed a kobold demonologist
  8129 | D:9      | Found a blossoming altar of Fedhas.
  8310 | D:9      | Noticed a molten gargoyle
  8404 | D:8      | Killed a molten gargoyle
  8529 | D:9      | Noticed a molten gargoyle
  8529 | D:9      | Noticed a molten gargoyle
  8532 | D:9      | Noticed a molten gargoyle
  8541 | D:9      | Killed from afar by a molten gargoyle

Illustrated notes

Levels and vault maps discovered:
D:1:      dpeg_arrival_round_a, layout_basic
D:2:      layout_loops_corners, minivault_27, kennysheep_generic_room_11
D:3:      layout_basic, lemuel_doored_altar, chequers_ecumenical_altar_simple,
          gup_sewer_entry_glass
D:4:      layout_basic, hangedman_ru_absence, mainiacjoe_overflow_boulevard,
          nicolae_uskayaw_suspiria, ebering_ghost_sewer_d, minmay_starry_boxes
D:5:      layout_basic, uniq_prince_ribbit1, uniq_eustachio
D:6:      layout_rooms, minmay_temple_entry_large_hall, serial_park_tiny_pond,
          nicolae_benzene_ring, uniq_sigmund
D:7:      layout_gridville, kennysheep_okawaru_gauntlet,
          chequers_temple_overflow_statue_of_worship
D:8:      layout_loops_cross, vehumet_statue
D:9:      layout_basic, general_overflow_altar, fedhas_altar_3,
          minmay_orc_entry_temple_small, amethyst_killhole, nicolae_sextant,
          minivault_8, uniq_pikel

Skill      XL: |  1  2  3  4  5  6  7  8  9 10 |
---------------+-------------------------------+-----
Axes           | 3 4 |  4.4
Dodging        | 2 3 |  3.7
Fighting       | 4 5 6 7 |  7.1
Armour         | 3 5 7 9 |  9.4
Long Blades    | 2 3 5 7 8 |  8.2
Stealth        | 1 |  1.5
Throwing       | |  0.1

Action                   |  1- 3 |  4- 6 |  7- 9 | 10-12 || total
-------------------------+-------+-------+-------+-------++-------
Melee: Hand axe          |   114 |   158 |       |       ||   272
       Falchion          |       |   115 |   349 |    72 ||   536
       Punch             |       |     2 |     6 |       ||     8
Throw: Dart              |     1 |       |     1 |       ||     2
Invok: Berserk           |     1 |     3 |     7 |     2 ||    13
       Trog's Hand       |       |     2 |     3 |     3 ||     8
  Use: Scroll            |     5 |       |    13 |       ||    18
       Potion            |     2 |     1 |     2 |       ||     5
Armor: Animal skin       |    17 |       |       |       ||    17
       Scale mail        |    69 |     9 |       |       ||    78
       Chain mail        |       |   223 |   294 |     4 ||   521
       Plate armour      |       |       |       |    37 ||    37
Dodge: Dodged            |   101 |   136 |   216 |    25 ||   478

Table legend: (Time is in decaauts)
 A = Elapsed time spent in this place.
 B = Non-inter-level travel time spent in this place.
 C = Inter-level travel time spent in this place.
 D = Time resting spent in this place.
 E = Time spent auto-exploring this place.
 F = Levels seen in this place.
 G = Mean time per level.
                   A        B        C        D        E       F      G
               +--------+--------+--------+--------+--------+-----+--------+
         Total |   8743 |   8542 |    201 |    353 |   6063 |  10 |  874.3 |
       Dungeon |   8443 |   8242 |    201 |    353 |   5871 |   9 |  938.1 |
         Sewer |    299 |    299 |      0 |      0 |    192 |   1 |  299.0 |
               +--------+--------+--------+--------+--------+-----+--------+

Top non-repeatable levels by time:
     D:3: 1179 daAuts
     D:2: 1153 daAuts
     D:8: 1028 daAuts
     D:9: 962 daAuts
     D:4: 932 daAuts
     D:7: 920 daAuts
     D:5: 907 daAuts
     D:1: 709 daAuts
     D:6: 649 daAuts
   Sewer: 299 daAuts
